 Dungeon Crawl Stone Soup version 0.27.1-4-g1640c2035a (webtiles) character file.

Game seed: 2253139815484654101

1274 Goreval the Stinger (level 8, -2/46 HPs)
             Began as an Octopode Venom Mage on Nov 12, 2021.
             Was an Initiate of Sif Muna.
             Slain by a water moccasin (6 damage)
             ... on level 6 of the Dungeon.
             The game lasted 00:17:06 (9050 turns).

Goreval the Stinger (Octopode Venom Mage)           Turns: 9050, Time: 00:17:07

Health: -2/46      AC:  1    Str:  7    XL:     8   Next: 53%
Magic:  12/14      EV: 14    Int: 19    God:    Sif Muna [......]
Gold:   284        SH:  0    Dex: 13    Spells: 5/15 levels left

rFire    . . .     SeeInvis .   e - +3 spear
rCold    . . .     Faith    .   (no shield)
rNeg     . . .     Spirit   .   (helmet restricted)
rPois    .         Reflect  .   (no amulet)
rElec    .         Harm     .   h - ring of resist corrosion
rCorr    +         Rampage  .   (no ring)
Will     .....                  (no ring)
Stlth    ++++......             (no ring)
HPRegen  0.15/turn              (no ring)
MPRegen  0.14/turn              (no ring)
                                (no ring)
                                (no ring)

@: no status effects
A: almost no armour, amphibious, 8 rings, camouflage 1, gelatinous body 1,
(nimble swimmer 1), tentacles
a: Renounce Religion


You were on level 6 of the Dungeon.
You worshipped Sif Muna.
Sif Muna was noncommittal.
You visited 1 branch of the dungeon, and saw 6 of its levels.
You also visited: Sewer.

You collected 284 gold pieces.

Inventory:

Hand Weapons
 e - a +3 spear (weapon)
Missiles
 a - 191 stones
Jewellery
 h - a ring of resist corrosion (left tentacle)
Wands
 n - a wand of flame (23)
Scrolls
 b - 6 scrolls of identify {unknown}
 g - a scroll of amnesia {unknown}
 o - a scroll of teleportation {unknown}
 r - a scroll of fog {unknown}
 s - a scroll of summoning {unknown}
Potions
 c - 6 potions of curing
 d - a potion of degeneration {unknown}
 f - 3 potions of magic {unknown}
 i - 2 potions of brilliance {unknown}
 j - a potion of heal wounds {unknown}
 k - a potion of attraction {unknown}
 l - a potion of ambrosia {unknown}
 m - a potion of invisibility {unknown}
 p - a potion of might {unknown}
 q - a potion of haste {unknown}


   Skills:
 + Level 4.4 Dodging
 - Level 6.0 Stealth
 + Level 4.1 Spellcasting
 + Level 1.4 Conjurations
 + Level 3.9 Transmutations
 * Level 7.9 Poison Magic


You had 5 spell levels left.
You knew the following spells:

 Your Spells              Type           Power      Damage    Failure   Level
a - Sting                 Tmut/Pois      100%       1d8       1%          1
b - Poisonous Vapours     Pois/Air       36%        N/A       4%          2
c - Mephitic Cloud        Conj/Pois/Air  15%        N/A       12%         3
d - Olgreb's Toxic Radia  Pois           33%        N/A       5%          4

Your spell library contained the following spells:

 Spells                   Type           Power      Damage    Failure   Level
 Corpse Rot               Necr/Air       N/A        N/A       21%         2
 Ensorcelled Hibernation  Hex/Ice        6%         N/A       21%         2
 Petrify                  Tmut/Erth      11%        N/A       52%         4
 Freezing Cloud           Conj/Ice/Air   2%         6-21      97%         5
 Metabolic Englaciation   Hex/Ice        1%         N/A       98%         5
 Statue Form              Tmut/Erth      7%         N/A       100%        6


Dungeon Overview and Level Annotations

Branches:
Dungeon (6/15)             Temple (0/1) D:6           Sewer (visited)

Altars:
Sif Muna
Trog
Wu Jian

Annotations:
D:4 exclusion: phantom
D:5 3 runed translucent doors, Eustachio; makewrite's ghost, novice MiHu
D:6 exclusion: centaur


Innate Abilities, Weirdness & Mutations

You cannot wear most types of armour.
You are amphibious.
You can wear up to eight rings at the same time.
Your skin changes colour to match your surroundings (Stealth+).
Your rubbery body absorbs attacks. (AC +1, EV +1)
((You are camouflaged near water. (Stealth+)))
You have tentacles for arms and can constrict up to eight enemies at once.


Message History

You closely miss the water moccasin. Your grab misses the water moccasin.
The water moccasin bites you! The water moccasin barely misses you.
You hit the water moccasin but do no damage.
Your grab misses the water moccasin. The water moccasin bites you.
You are poisoned.
The water moccasin poisons you!
You closely miss the water moccasin. Your grab misses the water moccasin.
You feel very sick. The water moccasin bites you. x2
You are too injured to fight recklessly!
Unknown command.
You barely miss the water moccasin. Your grab misses the water moccasin.
Your squeeze misses the water moccasin.
You feel sick. The water moccasin misses you.
Unknown command.
Aim: a water moccasin (moderately wounded, poisoned, 63% to hit)
The sting hits the water moccasin.
The water moccasin partially resists.
The water moccasin looks even sicker.
You feel sick.
The water moccasin completely misses you.
The water moccasin misses you.
Aim: a water moccasin (moderately wounded, very poisoned, 63% to hit)
The sting hits the water moccasin.
The water moccasin partially resists.
The water moccasin looks even sicker.
You feel sick. The water moccasin barely misses you.
Aim: a water moccasin (heavily wounded, very poisoned, 63% to hit)
The sting hits the water moccasin.
The water moccasin partially resists.
You feel sick. The water moccasin closely misses you.
The water moccasin bites you.
Unknown command.
You feel sick.
You feel sick. The water moccasin bites you!
* * * LOW HITPOINT WARNING * * *
You are lethally poisoned!
The water moccasin poisons you!
It was a potion of curing.
You feel better. The water moccasin bites you!
* * * LOW HITPOINT WARNING * * *
The water moccasin barely misses you. The water moccasin bites you.
You die...

.......##.........#.⌠.# ...
.#####..........###...###....
.#≈≈≈#......###.............#
.#≈≈≈#.#....###..⌠..>..⌠....#
.#≈.≈#........<.....).....>.##
.#≈÷≈#..........###...###....#
.#≈≈≈#.#..........#.⌠.#......#
.##'##.##.##..#...#...#.....#
..........##+##.@S........#
#######.......................
# #..........#............
########.........#............
......##.........#............
......##..##..####.##..#######
#.....###+##..####.##..#
.......#..'.............
.......#..#.........


You could see a water moccasin (very poisoned).

Vanquished Creatures
  An orc warrior (D:4)
  A water moccasin (D:5)
  Purgy (Sewer)
  2 necrophages
  An ogre (D:5)
  2 scorpions
  A water moccasin skeleton (D:5)
  A centaur zombie (D:5)
  3 hounds
  A gnoll shaman (D:3)
  Ijyb (D:5)
  A centaur skeleton (D:5)
  An iguana (D:4)
  An orc wizard (D:4)
  12 adders
  11 gnolls
  A shadow imp (D:5)
  An adder skeleton (D:4)
  A worm (D:3)
  2 dart slugs
  3 orcs (D:5)
  4 ball pythons
  4 endoplasms
  6 giant cockroaches
  3 goblins (D:2)
  5 hobgoblins
  4 jackals (D:2)
  2 quokkas
  4 bats
  4 frilled lizards
  5 kobolds
  4 rats
94 creatures vanquished.

Vanquished Creatures (others)
  2 fungi (D:5)
  2 plants (D:5)
4 creatures vanquished.

Grand Total: 98 creatures vanquished

Notes
Turn   | Place    | Note
-------+----------+-------------------------------------------
     0 | D:1      | Goreval the Octopode Venom Mage began the quest for the
                  | Orb.
     0 | D:1      | Reached XP level 1. HP: 11/11 MP: 3/3
   373 | D:1      | Reached XP level 2. HP: 17/17 MP: 3/5
   632 | D:1      | Learned a level 2 spell: Poisonous Vapours
  1051 | D:1      | Reached skill level 4 in Poison Magic
  1582 | D:2      | Reached XP level 3. HP: 15/21 MP: 3/6
  2221 | D:2      | Reached XP level 4. HP: 21/27 MP: 3/7
  3094 | D:3      | Reached XP level 5. HP: 31/31 MP: 2/8
  3151 | D:3      | Reached skill level 5 in Poison Magic
  3674 | D:3      | Found an ornate altar of the Wu Jian Council.
  4329 | D:4      | Noticed a phantom
  4434 | D:4      | Reached XP level 6. HP: 36/36 MP: 4/10
  4482 | D:4      | Noticed a necrophage
  4578 | D:4      | Identified the +2 leather armour of the Fifty Yaks {Dex+3}
  4988 | D:4      | Found a bloodstained altar of Trog.
  4988 | D:4      | Noticed an orc warrior
  5021 | D:4      | Killed an orc warrior
  5022 | D:4      | Reached skill level 6 in Poison Magic
  5222 | D:4      | Reached XP level 7. HP: 41/41 MP: 1/11
  5675 | D:4      | Found a shimmering blue altar of Sif Muna.
  5682 | D:4      | Got Sif Muna's Guide on the Glacier
  5684 | D:4      | Became a worshipper of Sif Muna the Loreminder
  5764 | D:5      | Entered Level 5 of the Dungeon
  5802 | D:5      | Reached skill level 5 in Stealth
  5910 | D:5      | Noticed Ijyb
  6014 | D:4      | Found a shimmering blue altar of Sif Muna.
  6026 | D:4      | Found a bloodstained altar of Trog.
  6915 | D:5      | Noticed Eustachio
  6956 | D:5      | Reached skill level 7 in Poison Magic
  6956 | D:5      | Reached XP level 8. HP: 23/46 MP: 11/13
  7193 | D:5      | Learned a level 3 spell: Mephitic Cloud
  7333 | D:5      | Found a runed translucent gate.
  7342 | D:5      | Found a runed translucent gate.
  7344 | D:5      | Found a runed translucent gate.
  7345 | D:5      | Noticed makewrite's ghost (novice MiHu)
  8031 | D:5      | Killed Ijyb
  8032 | D:5      | Reached skill level 1 in Conjurations
  8449 | D:6      | Found a staircase to the Ecumenical Temple.
  8499 | D:6      | Learned a level 4 spell: Olgreb's Toxic Radiance
  8508 | D:6      | Found a glowing drain.
  8529 | Sewer    | Entered a sewer
  8742 | Sewer    | Noticed Purgy
  8772 | Sewer    | Killed Purgy
  9050 | D:6      | Slain by a water moccasin

Illustrated notes

Levels and vault maps discovered:
D:1:      lemuel_arrival_rhombus, layout_basic, minmay_stone_trees_medium
D:2:      layout_rooms
D:3:      layout_loops_cross, pdpol_wu_jian_five_deadly_venoms,
          minmay_misc_feat_five
D:4:      layout_basic, nzn_overflow_gifts_of_might_and_magic
D:5:      layout_cave_pools, gammafunk_ghost_nasty_kobolds, nrook_uturn,
          patterned_corridor, uniq_eustachio, uniq_ijyb
D:6:      layout_gridville, minmay_temple_entry_junction_2,
          gup_sewer_entry_glass

Skill      XL: |  1  2  3  4  5  6  7  8 |
---------------+-------------------------+-----
Stealth        | 3 4 5 6 |  6.0
Poison Magic   | 4 5 6 7 |  7.9
Transmutations | 2 3 |  3.9
Dodging        | 3 4 |  4.4
Spellcasting   | 3 4 |  4.1
Conjurations   | 1 |  1.4

Action                   |  1- 3 |  4- 6 |  7- 9 || total
-------------------------+-------+-------+-------++-------
Melee: Unarmed           |     8 |       |       ||     8
       Constrict         |     6 |    10 |    15 ||    31
       Tentacles         |     2 |     4 |    16 ||    22
       Dagger            |     8 |    14 |       ||    22
       Spear             |       |    34 |   108 ||   142
 Cast: Sting             |    41 |    54 |    28 ||   123
       Poisonous Vapours |       |    17 |    15 ||    32
  Use: Potion            |       |       |     1 ||     1
 Stab: Sleeping          |       |     1 |       ||     1
Armor: Skin              |     5 |     2 |     2 ||     9
Dodge: Dodged            |    33 |    48 |    69 ||   150
